 Dungeon Crawl Stone Soup version 0.30-a0-556-g0a0f5a245f (webtiles) character file.

Game seed: 11019717602533423799

25396 Bnni the Skirmisher (level 13, 0/93 (102) HPs)
             Began as a Formicid Hexslinger on Dec 27, 2022.
             Was the Champion of Okawaru.
             Slain by Bolaziuv's ghost (3 damage)
             ... on level 13 of the Dungeon.
             The game lasted 00:46:47 (13141 turns).

Bnni the Skirmisher (Formicid Hexslinger)          Turns: 13141, Time: 00:46:48

HP:   0/93 (102)    AC:  7    Str: 16    XL:     13   Next: 50%
MP:   25/30         EV: 15    Int: 17    God:    Okawaru [******]
Gold: 374           SH: 11    Dex: 16    Spells: 4/18 levels left

rFire   + . .      SeeInvis +    i - +3 hand crossbow (freeze)
rCold   . . .      Faith    .    N - +0 kite shield
rNeg    . . .      Spirit   .    f - +1 robe of the Planets {rF+ Regen+ Int+2}
rPois   .          Reflect  .    (helmet unavailable)
rElec   .          Harm     .    r - +0 cloak
rCorr   .          Rampage  .    (no gloves)
Will    .....                    F - +2 pair of boots
Stlth   +                        K - amulet of regeneration
HPRegen 1.95/turn                y - +4 ring of evasion
MPRegen 0.22/turn                J - ring of magical power

@: weak-willed, drained, invisible
A: permanent stasis, dig shafts and tunnels, antennae 3, four strong arms
a: Dig, Shaft Self, Renounce Religion, Heroism, Finesse, Duel


You were on level 13 of the Dungeon.
You worshipped Okawaru.
Okawaru was exalted by your worship.
You visited 2 branches of the dungeon, and saw 14 of its levels.

You collected 795 gold pieces.
You spent 421 gold pieces at shops.

Inventory:

Hand Weapons
 d - a +2 dagger of venom
 e - a +2 double sword of holy wrath
 i - a +3 hand crossbow of freezing (weapon)
 S - a +2 scimitar of flaming
 T - a +3 longbow of draining
Missiles
 G - 2 curare-tipped darts
Armour
 f - the +1 robe of the Planets (worn) {rF+ Regen+ Int+2}
   (You found it on level 3 of the Dungeon)

   Int:       It affects your intelligence (+2).
   rF:        It protects you from fire.
   Regen:     It increases your rate of health regeneration.
 r - a +0 cloak (worn)
 C - a +0 buckler
 F - a +2 pair of boots (worn)
 N - a +0 kite shield (worn)
 Q - the +10 crystal plate armour of Hubris {rElec}
   (Okawaru gifted it to you on level 12 of the Dungeon)

   rElec:     It insulates you from electricity.
Jewellery
 y - a +4 ring of evasion (left hand)
 E - a ring of wizardry
 J - a ring of magical power (right hand)
 K - an amulet of regeneration (around neck)
 O - a ring of flight
Wands
 c - a wand of paralysis (16)
 p - a wand of flame (46)
 t - a wand of mindburst (18)
 w - a wand of iceblast (19)
 P - a wand of quicksilver (2)
Scrolls
 b - 5 scrolls of poison
 j - 3 scrolls of fog {unknown}
 m - a scroll of enchant armour
 n - 2 scrolls of enchant weapon
 v - 4 scrolls of amnesia
 z - a scroll of summoning {unknown}
 B - 2 scrolls of teleportation {unknown}
 I - 2 scrolls of magic mapping {unknown}
 L - a scroll of torment {unknown}
 R - a scroll of silence {unknown}
Potions
 g - 7 potions of mutation
 h - a potion of invisibility
 k - a potion of might
 l - 4 potions of attraction {unknown}
 o - 3 potions of lignification
 q - 2 potions of ambrosia {unknown}
 u - 7 potions of curing
 x - 2 potions of brilliance
 M - 3 potions of flight {unknown}


   Skills:
 + Level 9.7 Fighting
 - Level 1.0 Long Blades
 * Level 12.5 Ranged Weapons
 - Level 1.7 Dodging
 + Level 8.7 Shields
 - Level 3.0 Spellcasting
 - Level 12.0 Hexes
 - Level 3.0 Translocations
 - Level 3.0 Fire Magic
 * Level 11.3 Invocations


You had 4 spell levels left.
You knew the following spells:

 Your Spells              Type           Power      Damage    Failure   Level
a - Slow                  Hex            100%       N/A       1%          1
b - Inner Flame           Hex/Fire       28%        N/A       4%          3
c - Portal Projectile     Hex/Tloc       56%        N/A       4%          3
d - Cause Fear            Hex            21%        N/A       2%          4
e - Dazzling Flash        Conj/Hex       44%        N/A       9%          3

Your spell library contained the following spells:

 Spells                   Type           Power      Damage    Failure   Level
 Gell's Gravitas          Tloc           12%        N/A       28%         3
 Lesser Beckoning         Tloc           24%        N/A       28%         3
 Teleport Other           Tloc           12%        N/A       28%         3
 Fulminant Prism          Conj/Hex       11%        3d9       28%         4
 Magic Dart               Conj           8%         1d3       32%         1
 Kindle Blastsparks       Fire/Tloc/Air  18%        2d11      41%         3
 Cigotuvi's Dreadful Rot  Necr/Pois/Air  4%         N/A       45%         2
 Poisonous Vapours        Pois/Air       4%         N/A       45%         2
 Searing Ray              Conj           4%         2d4       45%         2
 Vhi's Electric Charge    Tloc/Air       14%        N/A       47%         3
 Ignite Poison            Fire/Tmut/Pois 5%         N/A       54%         3
 Mephitic Cloud           Conj/Pois/Air  2%         N/A       69%         3
 Stone Arrow              Conj/Erth      4%         3d7       69%         3
 Iskenderun's Mystic Bla  Conj/Tloc      7%         2d4       87%         4
 Arcjolt                  Conj/Air       1%         1d11      100%        5
 Freezing Cloud           Conj/Ice/Air   1%         6-21      100%        5
 Starburst                Conj/Fire      3%         6d3       100%        6
 Lehudib's Crystal Spear  Conj/Erth      1%         10d2      100%        8
 Maxwell's Capacitive Co  Air            1%         ∞         100%        8
 Animate Armour           Summ/Erth      Unusable   N/A       N/A         4

Dungeon Overview and Level Annotations

Branches:
Dungeon (13/15)            Temple (1/1) D:7            Lair (0/5) D:8
    Orc (0/2) D:11
 Vaults: D:13-14

Altars:
Ashenzari
Cheibriados
Dithmenos
Elyvilon
Fedhas
Gozag
Hepliaklqana
Kikubaaqudgha
Makhleb
Nemelex Xobeh
Okawaru
Qazlal
Ru
Sif Muna
Trog
Uskayaw
Vehumet
Wu Jian
Xom
Yredelemnul
Zin
The Shining One

Shops:
D:2 [   D:3 (   D:5 :(

Annotations:
D:13 Bolaziuv's ghost, journeyman DgDe


Innate Abilities, Weirdness & Mutations

You cannot be hasted, slowed, berserked, paralysed or teleported.
You can dig through walls and to a lower floor.
You have a pair of large antennae on your head. (SInv)
Your four strong arms can wield two-handed weapons with a shield.


Message History

Bolaziuv's ghost burns you.
* * * LOW HITPOINT WARNING * * *
Casting: Slow (safe; 1% risk of failure)
Confirm with . or Enter, or press ? or * to list all spells.
Aiming: Slow (safe; 1% risk of failure)
Press: ? - help, Shift-Dir - straight line, f/p - Bolaziuv's ghost
Aim: Bolaziuv's ghost, wielding a weapon of flaming (unable to see you, chance to affect: 11%)
Okay, then.
Really read the scroll of vulnerability? [Y]es or [N]o only, please.
Really read the scroll of vulnerability? [Y]es or [N]o only, please.
Really read the scroll of vulnerability?
As you read the scroll of vulnerability, it crumbles to dust.
Magic quickly surges around you. You block Bolaziuv's ghost's attack.
Casting: Slow (safe; 1% risk of failure)
Confirm with . or Enter, or press ? or * to list all spells.
Aiming: Slow (safe; 1% risk of failure)
Press: ? - help, Shift-Dir - straight line, f/p - Bolaziuv's ghost
Aim: Bolaziuv's ghost, wielding a weapon of flaming (unable to see you, weak-willed, chance to affect: 38%) Bolaziuv's ghost resists with some effort.
Bolaziuv's ghost barely misses you.
Casting: Slow (safe; 1% risk of failure)
Confirm with . or Enter, or press ? or * to list all spells.
Aiming: Slow (safe; 1% risk of failure)
Press: ? - help, Shift-Dir - straight line, f/p - Bolaziuv's ghost
Aim: Bolaziuv's ghost, wielding a weapon of flaming (unable to see you, weak-willed, chance to affect: 38%) Bolaziuv's ghost resists with some effort.
Bolaziuv's ghost hits you but does no damage.
Casting: Slow (safe; 1% risk of failure)
Confirm with . or Enter, or press ? or * to list all spells.
Aiming: Slow (safe; 1% risk of failure)
Press: ? - help, Shift-Dir - straight line, f/p - Bolaziuv's ghost
Aim: Bolaziuv's ghost, wielding a weapon of flaming (unable to see you, weak-willed, chance to affect: 38%) Bolaziuv's ghost resists with some effort.
You are no longer teleporting projectiles to their destination.
Bolaziuv's ghost hits you!!
* * * LOW HITPOINT WARNING * * *
Bolaziuv's ghost burns you.
You die...

######
#.....................#..
####.............######..
♣♣♣#.............# #). ####
♣♣♣♣.h#..........>..# #..
...# ♣...♣##.............#
##. #### .
♣..#⌠..[.{.......## ##
♣..♣.#.....##.....## ####
.♣.♣♣g..{#####(.#########...
♣.♣)..#..#{#@#..##...........
♣.....#⌠.##W##.##..#######.>.
♣♣.♣..##.####..[..## ###. ♣
♣♣..######.#.### #. ####
♣♣♣####.....# ##.
...#########.......## ##..
...#......#.####.### ##..#
.....######)# ##.# ###..##
...#........# #.## #...##


You could see Bolaziuv's ghost (unable to see you, weak-willed).

Vanquished Creatures
  Frances (D:13)
  Josephine (D:13)
  Snorg (D:13)
  A hydra (D:13)
  A centaur warrior (D:13)
  3 two-headed ogres
  2 boulder beetles
  A death knight (D:13)
  Urug (D:12)
  2 tengu warriors (D:12)
  2 phantasmal warriors (D:13)
  Pikel (D:5)
  3 deep elf pyromancers
  2 cyclopes
  2 manticores
  A gargoyle (D:12)
  An efreet (D:13)
  2 unseen horrors
  2 freezing wraiths (D:13)
  A kobold demonologist (D:11)
  A troll (D:10)
  A hornet (D:8)
  2 slime creatures (D:12)
  A vampire (D:12)
  8 wraiths
  4 yaks
  5 wyverns (D:8)
  A steam dragon (D:6)
  A human (D:10)
  3 hogs (D:10)
  6 water moccasins (D:8)
  Duvessa (D:7)
  An acid dragon (D:9)
  A swamp drake (D:11)
  5 orc warriors
  An ice beast (D:5)
  A black bear (D:5)
  3 ogres
  3 lemures (D:5)
  15 centaurs
  5 kobold brigands
  A phantom (D:6)
  3 bullfrogs
  2 scorpions
  4 gnoll sergeants
  Dowan (D:7)
  18 killer bees
  4 howler monkeys
  Crazy Yiuf (D:2)
  A gnoll bouda (D:6)
  5 hounds (D:6)
  3 jellies
  10 orc priests
  9 iguanas
  Jessica (D:2)
  10 orc wizards
  9 gnolls
  5 adders
  A white imp (D:6)
  2 ufetubi
  A worm (D:4)
  4 dart slugs
  42 orcs
  7 ball pythons
  7 bats
  7 endoplasms
  3 giant cockroaches
  6 goblins
  16 hobgoblins
  2 quokkas (D:1)
  4 frilled lizards
  36 kobolds
  10 rats
335 creatures vanquished.

Vanquished Creatures (others)
  A hobgoblin (D:6)
  3 fungi
  37 plants
41 creatures vanquished.

Grand Total: 376 creatures vanquished

Notes
Turn   | Place    | Note
-------+----------+-------------------------------------------
     0 | D:1      | Bnni the Formicid Hexslinger began the quest for the Orb.
     0 | D:1      | Reached XP level 1. HP: 15/15 MP: 2/2
    93 | D:1      | Reached XP level 2. HP: 21/21 MP: 3/3
   221 | D:1      | Reached XP level 3. HP: 26/26 MP: 4/4
   225 | D:1      | Learned a level 3 spell: Inner Flame
   820 | D:1      | Found a blossoming altar of Fedhas.
   865 | D:1      | Reached XP level 4. HP: 7/33 MP: 4/6
  1073 | D:2      | Found Eggoo's Antique Armour Shop.
  1412 | D:2      | Noticed Jessica
  1414 | D:2      | Killed Jessica
  1415 | D:2      | Reached skill level 1 in Fire Magic
  1415 | D:2      | Reached XP level 5. HP: 38/38 MP: 7/7
  1984 | D:2      | Found a runed translucent door.
  1985 | D:2      | Noticed Crazy Yiuf
  2052 | D:2      | Killed Crazy Yiuf
  2053 | D:2      | Reached skill level 5 in Hexes
  2235 | D:3      | Identified the +1 robe of the Planets {rF+ Regen+ Int+2}
  2253 | D:3      | Learned a level 4 spell: Cause Fear
  2542 | D:3      | Found an ancient bone altar of Kikubaaqudgha.
  2542 | D:3      | Found a glowing silver altar of Zin.
  2862 | D:3      | Found Vanwioff's Weapon Shop.
  2907 | D:3      | Reached XP level 6. HP: 38/46 MP: 5/9
  3031 | D:4      | Noticed an ogre
  3051 | D:4      | Killed an ogre
  3276 | D:4      | Reached XP level 7. HP: 42/51 MP: 7/10
  3317 | D:4      | Learned a level 3 spell: Portal Projectile
  3395 | D:4      | Identified the +4 war axe of Mauling Evisceration {spect,
                  | rF+ MP+9 Dex+4 Stlth+}
  3998 | D:5      | Entered Level 5 of the Dungeon
  4111 | D:5      | Reached XP level 8. HP: 58/58 MP: 8/12
  4141 | D:5      | Found Lipuane's Antique Weapon Shoppe.
  4149 | D:5      | Bought an arbalest for 121 gold pieces
  4179 | D:5      | Found Esuy's Book Boutique.
  4204 | D:5      | Reached skill level 5 in Ranged Weapons
  4405 | D:5      | Noticed Pikel
  4414 | D:5      | Killed Pikel
  4415 | D:5      | Reached XP level 9. HP: 13/66 MP: 7/13
  4743 | D:6      | Reached skill level 1 in Translocations
  4762 | D:6      | Reached skill level 5 in Fighting
  5223 | D:6      | Learned a level 3 spell: Dazzling Flash
  5520 | D:6      | Reached skill level 1 in Shields
  5689 | D:6      | Reached XP level 10. HP: 66/76 MP: 14/14
  6421 | D:7      | Found a staircase to the Ecumenical Temple.
  6442 | Temple   | Entered the Ecumenical Temple
  6491 | Temple   | Became a worshipper of Warmaster Okawaru
  6912 | D:2      | Bought a glowing orb for 300 gold pieces
  7275 | D:7      | Noticed Dowan
  7277 | D:7      | Noticed Duvessa
  7279 | D:7      | Killed Dowan
  7282 | D:7      | Killed Duvessa
  7283 | D:7      | Reached skill level 1 in Invocations
  7614 | D:7      | Identified a scroll of acquirement
  7615 | D:7      | Acquired a +3 hand crossbow of freezing
  7705 | D:8      | Reached * piety under Okawaru
  7793 | D:8      | Reached ** piety under Okawaru
  7874 | D:8      | Found a staircase to the Lair.
  7927 | D:8      | Found a glowing golden altar of the Shining One.
  8455 | D:9      | Reached XP level 11. HP: 83/83 MP: 11/15
  8458 | D:9      | Reached skill level 10 in Hexes
  8466 | D:8      | Reached *** piety under Okawaru
  8467 | D:8      | Reached skill level 5 in Invocations
  8575 | D:9      | Reached skill level 5 in Shields
  8965 | D:9      | Noticed a two-headed ogre
  8970 | D:9      | Killed a two-headed ogre
  9416 | D:10     | Entered Level 10 of the Dungeon
  9419 | D:10     | Reached **** piety under Okawaru
  9518 | D:10     | Reached skill level 10 in Ranged Weapons
 10170 | D:11     | You fall into a shaft and drop 2 floors!
 10180 | D:12     | Noticed Urug
 10186 | D:11     | Noticed a cyclops
 10186 | D:11     | Noticed a manticore
 10193 | D:11     | Killed a cyclops
 10243 | D:11     | Killed a manticore
 10402 | D:11     | Noticed a boulder beetle
 10419 | D:11     | Killed a boulder beetle
 10419 | D:11     | Reached ***** piety under Okawaru
 10457 | D:11     | Noticed a two-headed ogre
 10460 | D:11     | Killed a two-headed ogre
 10545 | D:11     | Reached XP level 12. HP: 78/92 MP: 18/18
 10897 | D:11     | Found a staircase to the Orcish Mines.
 11097 | D:12     | Noticed a two-headed ogre
 11118 | D:11     | Killed a two-headed ogre
 11380 | D:12     | Killed Urug
 11393 | D:12     | Reached ****** piety under Okawaru
 11538 | D:12     | Identified the +10 crystal plate armour of Hubris {rElec}
                  | (Okawaru gifted it to you on level 12 of the Dungeon)
 11538 | D:12     | Received a gift from Okawaru
 11722 | D:12     | Noticed a boulder beetle
 11784 | D:12     | Killed a boulder beetle
 11785 | D:12     | Reached skill level 1 in Long Blades
 11891 | D:13     | Noticed a tengu warrior
 11893 | D:13     | Noticed a tengu warrior
 11895 | D:13     | Noticed Frances
 11896 | D:13     | Noticed a four-headed hydra
 11905 | D:12     | Killed a tengu warrior
 12027 | D:12     | Killed a tengu warrior
 12028 | D:12     | Reached skill level 10 in Invocations
 12163 | D:13     | Noticed Josephine
 12171 | D:13     | Killed Josephine
 12172 | D:13     | Reached XP level 13. HP: 68/101 MP: 20/20
 12349 | D:13     | Killed a four-headed hydra
 12355 | D:13     | Killed Frances
 12449 | D:13     | Noticed Snorg
 12454 | D:13     | Killed Snorg
 12886 | D:13     | Found a runed translucent door.
 12889 | D:13     | Noticed a centaur warrior
 12896 | D:13     | Killed a centaur warrior
 12896 | D:13     | Received a gift from Okawaru
 13034 | D:13     | Identified the +4 trident of Tenacity {freeze, rPois Str+5
                  | Stlth-}
 13035 | D:13     | Noticed Bolaziuv's ghost (journeyman DgDe)
 13141 | D:13     | HP: 3/93 [Bolaziuv's ghost (22)]
 13141 | D:13     | Slain by Bolaziuv's ghost

Illustrated notes

Levels and vault maps discovered:
D:1:      dpeg_arrival_lava_altar, layout_loops_ring, minmay_small_reverse_x
D:2:      layout_basic, serial_shops, shop_fountains,
          hangedman_decor_clover_reticule, kennysheep_generic_room_15,
          uniq_crazy_yiuf_cottage, uniq_jessica
D:3:      layout_basic, gammafunk_temple_overflow_wave, serial_shops,
          nicolae_shop_bloodbath_and_beyond
D:4:      layout_gridville
D:5:      layout_cave_pools, serial_shops, shop_statue, nicolae_shop_trees,
          uniq_pikel
D:6:      kennysheep_housing_project, layout_basic
D:7:      layout_loops_corners, minmay_temple_entry_mist, uniq_duvessa
D:8:      layout_gridville, overflow_temple_1_default, minmay_lair_entry_grove
D:9:      layout_loops_cross
D:10:     layout_basic, grunt_livestock
D:11:     layout_irregular_city, erik_orc_1
D:12:     layout_rooms, uniq_urug
D:13:     layout_rooms, ebering_ghost_funeral_grove, uniq_snorg, uniq_frances,
          uniq_josephine
Temple:   hellmonk_temple_of_storms

Skill      XL: |  1  2  3  4  5  6  7  8  9 10 11 12 13 |
---------------+----------------------------------------+-----
Hexes          | 4 5 6 8 9 10 11 12 | 12.0
Fighting       | 2 3 4 5 6 8 9 |  9.7
Fire Magic     | 1 2 3 |  3.0
Ranged Weapons | 3 4 6 7 9 10 11 12 | 12.5
Spellcasting   | 2 3 |  3.0
Translocations | 2 3 |  3.0
Shields        | 2 4 6 7 8 |  8.7
Invocations    | 4 8 10 11 | 11.3
Long Blades    | 1 |  1.0
Dodging        | |  1.7

Action                   |  1- 3 |  4- 6 |  7- 9 | 10-12 | 13-15 || total
-------------------------+-------+-------+-------+-------+-------++-------
Melee: Dagger            |    10 |     3 |    47 |       |       ||    60
       Punch             |       |       |     2 |       |       ||     2
       Double sword      |       |       |       |    50 |    19 ||    69
 Fire: Sling             |   111 |   158 |    50 |       |       ||   319
       Arbalest          |       |       |   193 |    51 |       ||   244
       Hand crossbow     |       |       |       |   336 |    40 ||   376
Throw: Dart              |       |       |       |     1 |     2 ||     3
       Throwing net      |       |       |       |       |     1 ||     1
 Cast: Slow              |     1 |    10 |     7 |    13 |     5 ||    36
       Inner Flame       |       |     6 |    18 |    48 |     8 ||    80
       Portal Projectile |       |       |       |     5 |     5 ||    10
       Cause Fear        |       |       |       |     8 |       ||     8
Invok: Heroism           |       |       |       |     2 |     2 ||     4
       Finesse           |       |       |       |       |     1 ||     1
 Abil: Dig               |       |       |       |     2 |     3 ||     5
  Use: Scroll            |       |     5 |     3 |     6 |     4 ||    18
       Potion            |       |       |     2 |     1 |     8 ||    11
Armor: Robe              |     9 |    15 |    33 |    65 |     3 ||   125
       Crystal plate arm |       |       |       |    21 |       ||    21
       Skin              |       |       |       |       |     1 ||     1
Dodge: Dodged            |    44 |    40 |   172 |   205 |    25 ||   486
Block: Buckler           |       |       |       |    66 |       ||    66
       Kite shield       |       |       |       |    48 |    25 ||    73

Table legend: (Time is in decaauts)
 A = Elapsed time spent in this place.
 B = Non-inter-level travel time spent in this place.
 C = Inter-level travel time spent in this place.
 D = Time resting spent in this place.
 E = Time spent auto-exploring this place.
 F = Levels seen in this place.
 G = Mean time per level.
                   A        B        C        D        E       F      G
               +--------+--------+--------+--------+--------+-----+--------+
         Total |  13533 |  12594 |    939 |   1802 |   7941 |  14 |  966.6 |
       Dungeon |  13470 |  12559 |    911 |   1802 |   7923 |  13 | 1036.2 |
        Temple |     62 |     34 |     28 |      0 |     18 |   1 |   62.0 |
               +--------+--------+--------+--------+--------+-----+--------+

Top non-repeatable levels by time:
     D:6: 1560 daAuts
     D:2: 1206 daAuts
     D:7: 1199 daAuts
    D:11: 1174 daAuts
     D:1: 1091 daAuts
     D:4: 1086 daAuts
    D:13: 1072 daAuts
     D:8: 990 daAuts
     D:9: 886 daAuts
    D:12: 867 daAuts
     D:3: 838 daAuts
     D:5: 832 daAuts
    D:10: 664 daAuts
  Temple: 62 daAuts
